Dins, neutral female human Valkyrie --- --..-- |....| |...-- --..-- |...| ..---------------.-- ...%..).%......)..| .@-----.<--------.| G.. --- |.| |.| |.|. --..- |..-- ---- Dins the Skirmisher Experience level: 4 Strength: 18/04 Dexterity: 11 Constitution: 16 Intelligence: 10 Wisdom: 10 Charisma: 7 Health: 0(29) Energy: 11(11) Def: 8 Gold: 200 Moves: 1890 Dungeon seed: pNcK2yrOQZuZNDsi Game ID: Dins_1623934811 Your Inventory: Coins $ - 200 gold pieces Weapons a - 3 uncursed +2 spears (in quiver) b - 4 uncursed +0 daggers h - 7 cursed -1 darts p - a cursed -1 orcish dagger u - 2 uncursed +0 daggers v - 3 cursed +0 daggers w - 2 uncursed +0 arrows x - a blessed +1 dagger Armor e - an uncursed +3 small shield (being worn) n - an uncursed +0 leather armor q - an uncursed rusty +0 chain mail (being worn) z - a blessed +2 orcish helm A - an uncursed +0 pair of iron shoes Comestibles d - 2 uncursed food rations l - an uncursed cram ration s - an uncursed cream pie Scrolls g - an uncursed scroll of scare monster Potions m - a cursed potion of sleeping t - an uncursed potion of oil Wands c - an uncursed wand of cold (0:4) Tools f - an uncursed oil lamp (0:1378) Gems r - an uncursed worthless piece of yellow glass y - an uncursed amber B - 2 uncursed worthless pieces of yellowish brown glass N - an uncursed worthless piece of blue glass Y - 2 uncursed worthless pieces of violet glass Spells and supernatural/magical abilities: Name Level Category Fail Memory W - pray for help -- divine ? -- Your skills at the end: Miscellaneous Skills shield [Basic] wands [Basic] Weapon Skills dagger [Basic] spear [Basic] Spellcasting Skills Final Attributes: You were devoutly aligned. You were cold resistant. You were somewhat stealthy. You could fly. You are dead. Vanquished creatures: a gnome lord a dwarf 2 hobbits a gecko 3 cave spiders 6 gnomes a manes 6 jackals a kobold 3 newts a goblin a sewer rat 6 grid bugs 2 lichens a kobold zombie 36 creatures vanquished. Voluntary challenges: You did not adorn yourself with jewelry or accessories. You did not cause conflict. You were not invisible. You did not have reflection. You were not displaced. You never hit with a wielded weapon. You did not use tools. You did not use plumbed fixtures. You did not drink any magical draughts. You were illiterate. You never genocided any monsters. You never polymorphed an object. You never changed form. You used no wishes. You never split a pudding. You never wrote Elbereth's name. You never violated your personal moral code. Dungeon overview: The Dungeons of Doom: levels 1 to 3 Level 1 (Vlt) a long staircase Level 2 (Vlt) some altars to Odin, some fountains Level 3 a general store, a sink stairs to The Gnomish Mines The Gnomish Mines: Level 4 <- You were here stairs to The Dungeons of Doom History has recorded: On T:1 you entered the Dungeons of Doom to retrieve the Amulet of Yendor! On T:233 you reached level 2 of The Dungeons of Doom. On T:520 you advanced to experience level 2. On T:1464 you reached level 3 of The Dungeons of Doom. On T:1597 you advanced to experience level 3. On T:1771 you reached level 1 of The Gnomish Mines. On T:1847 you advanced to experience level 4. Score breakdown: Gold: 200 ( 20 points) Experience: 4 levels ( 300 points) Exploration: 4 levels ( 90 points) Discoveries: 1 item ( 50 points) Variety of kills: 15 monsters ( 750 points) Major goal: (nothing yet) ( 0 points) Survival: died (score multiplied by 3) Total score: 3630 Latest messages: You punch the gnome lord! You punch the gnome lord. The gnome lord turns to flee! You see here a gnome corpse. (2x) The gnome lord swings his aklys at you. The gnome lord misses. You kill the gnome lord! There are a few objects here. x - a dagger. Y - 2 violet gems. There are a few objects here. A - a pair of iron shoes. B - 2 yellowish brown gems. The jackal misses. You kill the jackal! You see here a jackal corpse. You punch the gnome. The gnome punches you! You kill the gnome! The gnome thrusts his spear at you. The gnome jabs you! The gnome thrusts his spear at you. The gnome jabs you! You die... Final status: Farvel Dins the Valkyrie, killed by a gnome... You died in The Gnomish Mines on dungeon level 4 with 3630 points, and 200 pieces of gold, after 1890 moves. You were level 4 with a maximum of 29 hit points when you died.